AoeStats
← GAX | Urubu

Nomad

507184973Analyzed
3v3 RM · 17d ago on Sep 17, 2026· 43m 24s· 6 players
Game mode
Random Map
Map size
210×210
Population
200
Speed
Normal
Resources
Standard
Victory
Conquest
Starting age
Dark Age
Ending age
Imperial Age
RankedLock teamsTeams togetherTeam positionsShared explorationLock speedFull tech treeHidden civsTurbo modeCheats
Victory
Defeat
🇧🇷 Dravidians · Brazil
1669
+7
🇧🇷 Mongols · Brazil
1574
+11
🇧🇷 Inca · Brazil
1297
+21
🇧🇷 Inca · Brazil
1473
-14
🇧🇷 Persians · Brazil
1452
-13
🇧🇷 Berbers · Brazil
1412
-12
TmZ_Zanat
2:55 Loom
14:11 Feudal Age
18:40 Castle Age
17:51 Double-Bit Axe
18:34 Forging
20:53 Medium Warships
21:07 Scale Barding Armor
23:14 Bloodlines
25:19 Wheelbarrow
24:57 Bow Saw
25:46 Fletching
26:14 Padded Archer Armor
26:28 Bodkin Arrow
26:56 Husbandry
27:31 Horse Collar
28:33 Leather Archer Armor
28:13 Town Watch
28:31 Gold Mining
30:06 Chain Barding Armor
32:50 Iron Casting
34:00 Heavy Plow
33:52 Stone Mining
34:38 Gold Shaft Mining
37:11 Hand Cart
40:28 Imperial Age
38:28 Ballistics
40:04 Thumb Ring
40:53 Cavalier
42:10 Plate Barding Armor
41:31 Elite Genitour
TmZ_Mosquito Sedutor
3:47 Loom
12:49 Feudal Age
13:40 Town Watch
13:35 Man-at-Arms
15:12 Double-Bit Axe
15:37 Arson
22:11 Wheelbarrow
29:15 Castle Age
28:55 Horse Collar
30:51 Heavy Plow
31:37 Bow Saw
35:53 Scale Barding Armor
35:39 Fletching
36:21 Bloodlines
36:52 Hand Cart
38:19 Husbandry
42:16 Chain Barding Armor
42:06 Forging
42:33 Town Patrol
TmZ_Jx
4:16 Loom
12:08 Feudal Age
12:48 Double-Bit Axe
13:00 Stone Mining
13:15 Town Watch
17:22 Fletching
20:39 Wheelbarrow
22:55 Castle Age
20:57 Gold Mining
21:38 Forging
21:29 Champi Runner
22:11 Scale Mail Armor
23:07 Arson
24:25 Champi Warrior
25:06 Squires
25:54 Chain Mail Armor
28:00 Horse Collar
28:39 Bow Saw
31:18 Iron Casting
32:18 Medium Warships
37:33 Imperial Age
38:01 Hand Cart
38:49 Conscription
40:36 Blast Furnace
41:31 Plate Mail Armor
GAX | Urubu
9:45 Loom
11:48 Feudal Age
10:24 Loom
12:28 Double-Bit Axe
17:17 Castle Age
17:13 Stone Mining
18:10 Wheelbarrow
19:34 Horse Collar
24:06 Fletching
25:30 Padded Archer Armor
25:53 Bodkin Arrow
30:44 Bloodlines
32:13 Ballistics
33:50 Husbandry
38:12 Imperial Age
37:05 Padded Archer Armor
38:31 Leather Archer Armor
38:32 Masonry
39:18 Conscription
39:02 Bracer
40:09 Chemistry
39:15 Siege Engineers
39:29 Scale Barding Armor
39:55 Light Cavalry
41:22 Parthian Tactics
41:35 Chain Barding Armor
42:56 Hussar
GAX | toooasty
7:24 Loom
14:06 Feudal Age
15:17 Double-Bit Axe
15:24 Gold Mining
18:15 Castle Age
16:55 Horse Collar
19:38 Fishing Lines
25:03 Town Watch
27:36 Fishing Lines
28:43 Bow Saw
29:45 Medium Warships
30:32 Wheelbarrow
30:36 Forging
31:24 Gillnets
33:42 Gold Shaft Mining
34:23 Squires
33:43 Champi Runner
34:25 Scale Mail Armor
35:00 Iron Casting
34:55 Champi Warrior
36:54 Chain Mail Armor
38:26 Arson
42:46 Imperial Age
43:11 Fletching
GAX | Tyrav
6:03 Loom
13:58 Feudal Age
17:44 Castle Age
16:27 Scale Mail Armor
16:38 Forging
19:34 Chain Mail Armor
27:41 Horse Collar
28:40 Double-Bit Axe
37:11 Imperial Age
36:09 Iron Casting
35:37 Stone Mining
35:38 Gold Mining
36:55 Bow Saw
37:27 Squires
38:11 Wheelbarrow
38:58 Elite Urumi Swordsman
40:23 Plate Mail Armor
42:21 Blast Furnace
42:09 Arson
Connection lost

Rejoining the realm…

Still unreachable

The connection could not be restored.

Session expired

The server has moved on; the page needs a fresh start.